 Dungeon Crawl Stone Soup version 0.30.0-5-g1a98f26d00 (webtiles) character file.

Game seed: 1692663470367136486

23480 domi the Unseen (level 13, -8/100 HPs)
             Began as a Vine Stalker Fighter on May 11, 2023.
             Was a High Priest of Wu Jian.
             Killed from afar by a fire dragon (22 damage)
             ... with a blast of flame
             ... on level 11 of the Dungeon on May 12, 2023.
             The game lasted 00:32:24 (10953 turns).

domi the Unseen (Vine Stalker Fighter)             Turns: 10953, Time: 00:32:25

Health: -8/100     AC: 15    Str: 20    XL:     13   Next: 7%
Magic:  0/25       EV: 12    Int: 12    God:    Wu Jian [*****.]
Gold:   757        SH:  4    Dex: 14    Spells: 21/27 levels left

rFire   + . .        m - +4 dagger (vamp) {!w}
rCold   + . .        c - +0 buckler
rNeg    . . .        U - +1 acid dragon scales
rPois   +            (no helmet)
rElec   +            f - +2 cloak
rCorr   +            C - +2 pair of gloves
SInv    .            (no boots)
Will    ++...        H - amulet of regeneration {+regen, !d} Stlth
                     e - ring of willpower
HPRegen 1.96/turn    E - ring of poison resistance {rPois}
MPRegen 0.19/turn

%: guardian spirit
@: berserking, resistant, very quick
A: fangs 3, regeneration 1, magic shield, antimagic bite, no potion heal 2
a: Renounce Religion, Wall Jump, Serpent's Lash, Heavenly Storm


You were on level 11 of the Dungeon.
You worshipped Wu Jian.
Wu Jian was extremely pleased with you.
You visited 2 branches of the dungeon, and saw 12 of its levels.
You also visited: Bailey.

You collected 757 gold pieces.

Inventory:

Hand Weapons
 a - a +0 rapier
 m - a +4 vampiric dagger (weapon) {!w}
   (You took it off a goblin on level 2 of the Dungeon)
 r - a +2 short sword of speed
   (You took it off a kobold brigand on level 3 of the Dungeon)
 u - the +5 Force Lance {heavy, knockback}
   (You found it on level 3 of the Dungeon)
 v - a +0 dagger of electrocution
   (You took it off an orc on level 3 of the Dungeon)
Missiles
 G - 5 curare-tipped darts (quivered) {=f}
Armour
 c - a +0 buckler (worn)
 f - a +2 cloak (worn)
   (You found it on level 1 of the Dungeon)
 C - a +2 pair of gloves (worn)
   (You found it on level 5 of the Dungeon)
 S - a +0 troll leather armour {regen}
   (You found it on level 9 of the Dungeon)
 U - +1 acid dragon scales (worn)
   (You found it on level 9 of the Dungeon)
 Y - an orb of mayhem
   (You found it on level 11 of the Dungeon)
Magical Staves
 b - the staff of death "Woff" {rN+ Str+2, rN+}
   (You took it off a kobold demonologist on level 11 of the Dungeon)

   [staff of death]

   Base accuracy: +5 Base damage: 5 Base attack delay: 1.2 This weapon's minimum
   attack delay (0.6) is reached at skill level 12.
   Str:       It affects your strength (+2).
   rN:        It protects you from negative energy.
   It falls into the 'Staves' category.
   It is a one-handed weapon.
Jewellery
 d - a ring of protection from cold {rC+}
   (You found it on level 2 of the Dungeon)
 e - a ring of willpower (left hand)
   (You found it on level 1 of the Dungeon)
 o - a ring of ice {rC+, rF-}
   (You found it on level 2 of the Dungeon)
 q - a +4 ring of protection
   (You found it on level 8 of the Dungeon)
 E - a ring of poison resistance (right hand) {rPois}
   (You found it on level 5 of the Dungeon)
 H - an amulet of regeneration (around neck) {+regen, !d}
   (You found it on level 5 of the Dungeon)
 P - the amulet "Naeteimp" {Faith Str+2}
   (You found it on level 8 of the Dungeon)

   [amulet of faith]

   It allows you to gain divine favour quickly.
   Str:       It affects your strength (+2).
Wands
 t - a wand of flame (13)
   (You took it off Dowan on level 7 of the Dungeon)
 O - a wand of acid (15)
   (You found it on level 8 of the Dungeon)
 Q - a wand of paralysis (10)
   (You took it off an orc on level 8 of the Dungeon)
 V - a wand of digging (1)
   (You found it on level 9 of the Dungeon)
Scrolls
 h - 4 scrolls of fog
 n - 4 scrolls of teleportation {@r4}
 p - 2 scrolls of blinking
 s - a scroll of enchant weapon
 y - a scroll of vulnerability {!r!r}
 A - 2 scrolls of immolation {!r!r}
 M - 2 scrolls of poison
 R - 4 scrolls of identify {@r1}
 X - 4 scrolls of enchant armour
Potions
 j - a potion of ambrosia {unknown}
 k - 3 potions of heal wounds {@q2}
 l - a potion of curing {@q1}
 w - 2 potions of attraction {!q}
 z - 4 potions of flight {unknown}
 D - a potion of brilliance
 J - 2 potions of invisibility
 L - 2 potions of degeneration {unknown}
 N - 2 potions of mutation {unknown}
 T - a potion of lignification {unknown}
Miscellaneous
 g - a piece from Xom's chessboard (14/15)
   (You found it on level 9 of the Dungeon)
 F - a phantom mirror (inert)
   (You found it in a bailey)


   Skills:
 + Level 7.4 Fighting
 - Level 7.4 Short Blades
 - Level 8.0 Armour
 + Level 2.6 Dodging
 + Level 18.0 Stealth
 - Level 2.6 Shields
 + Level 7.8 Spellcasting
 + Level 3.4 Necromancy


You had 21 spell levels left.
You knew the following spells:

 Your Spells              Type           Power      Damage    Failure   Level
Z - Death Channel         Necr           6%         N/A       100%        6

Your spell library contained the following spells:

 Spells                   Type           Power      Damage    Failure   Level
 Vampiric Draining        Necr           13%        2d6       17%         3
 Cigotuvi's Dreadful Rot  Necr/Pois/Air  14%        N/A       22%         2
 Freeze                   Ice            16%        1d4       24%         1
 Slow                     Hex            16%        N/A       24%         1
 Dispel Undead            Necr           13%        3d9       50%         4
 Confusing Touch          Hex            4%         N/A       56%         3
 Dazzling Flash           Conj/Hex       8%         N/A       56%         3
 Frozen Ramparts          Ice            8%         1d2       56%         3
 Hailstorm                Conj/Ice       4%         3d4       56%         3
 Agony                    Necr           13%        N/A       83%         5
 Silence                  Hex/Air        2%         N/A       100%        5


Dungeon Overview and Level Annotations

Branches:
Dungeon (11/15)            Temple (1/1) D:5            Lair (0/5) D:11
    Orc (0/2) D:10         Bailey (visited)

Altars:
Ashenzari
Cheibriados
Dithmenos
Elyvilon
Fedhas
Gozag
Hepliaklqana
Kikubaaqudgha
Makhleb
Nemelex Xobeh
Okawaru
Qazlal
Ru
Sif Muna
Trog
Uskayaw
Vehumet
Wu Jian
Xom
Yredelemnul
Zin
The Shining One

Shops:
D:7 =   D:9 (

Annotations:
D:4 3 runed translucent doors, lotum's ghost, amateur NaCj
D:6 1 runed translucent door, Adrian566's ghost, novice HOFi


Innate Abilities, Weirdness & Mutations

You have razor-sharp teeth.
Your natural rate of healing is unusually fast.
When hurt, damage is shared between your health and your magic reserves.
Your bite disrupts and absorbs the magic of your enemies.
Potions cannot restore your health.


Message History

You stick the manticore like a pincushion!!!
You kill the manticore!
The Council accepts your kill. You block the manticore's attack.
The manticore misses you. The manticore closely misses you.
There is a fountain of clear blue water here.
You catch the helpless manticore completely off-guard!
You spit the manticore like a pig!!!
You lunge at the manticore, in a flurry of attacks.
You catch the helpless manticore completely off-guard!
You stick the manticore like a pincushion!!!
You kill the manticore!
The Council accepts your kill.
Your Stealth skill increases to level 18!
There is an open door here.
You pick up a book of the Senses and begin reading...
You add the spells Dazzling Flash, Agony and Silence to your library.
M - 2 scrolls of poison (gained 1)
Q - a wand of paralysis (10) (gained 1 charge)
Okay, then.
Okay, then.
There is an open door here.
You lunge at the crystal guardian.
The howler monkey howls!
The fire dragon roars deafeningly!
You hit the crystal guardian but do no damage.
The crystal guardian fires a crystalline bolt at you.
The crystal bolt burns you!! You resist. The howler monkey misses you.
The crystal guardian attacks as you move away!
The crystal guardian hits you!
The crystal guardian fires a crystalline bolt at you.
The crystal bolt burns you! You resist.
There is an open door here.
You spin and attack the howler monkey.
You hit the howler monkey.
You feel better. The howler monkey barely misses you.
You spin and attack the howler monkey.
You closely miss the howler monkey. You bite the howler monkey.
You drain its power.
You feel invigorated.
The howler monkey hoots and howls with incredible vigour!
The crystal guardian glitters, brittle, in the dim dungeon light.
The howler monkey barely misses you.
You hear a bellow!
You spin and attack the howler monkey repeatedly.
You barely miss the howler monkey.
You strike the helpless howler monkey from behind!
You impale the howler monkey!!
You feel better.
You kill the howler monkey!
The Council accepts your kill.
The crystal guardian fires a crystalline bolt at you.
The crystal bolt freezes you!! You resist.
You spin and attack the crystal guardian repeatedly.
You hit the crystal guardian. You bite the crystal guardian.
The crystal guardian's magic leaks into the air.
You drain its magic.
You feel invigorated.
You hit the crystal guardian but do no damage.
You bite the crystal guardian, but do no damage.
You flicker for a moment.
The crystal guardian fires a crystalline bolt at you.
The crystal bolt freezes you! You resist.
You spin and attack the crystal guardian repeatedly.
You hit the crystal guardian.
You bite the crystal guardian, but do no damage.
You hit the crystal guardian but do no damage.
The crystal guardian's magic is no longer disrupted.
The crystal guardian fires a crystalline bolt at you.
The crystal bolt freezes you! You resist.
You spin and attack the crystal guardian.
You hit the crystal guardian.
You bite the crystal guardian, but do no damage.
The crystal guardian hits you but does no damage.
You spin and attack the crystal guardian.
You hit the crystal guardian but do no damage.
You bite the crystal guardian, but do no damage.
The crystal guardian hits you but does no damage.
You spin and attack the crystal guardian repeatedly.
You completely miss the crystal guardian.
You hit the crystal guardian but do no damage.
The crystal guardian hits you!
You spin and attack the crystal guardian.
You hit the crystal guardian.
You bite the crystal guardian, but do no damage.
You flicker back into view.
The crystal guardian hits you!
* * * LOW HITPOINT WARNING * * *
Okay, then.
Magic courses through your body. The crystal guardian hits you!!
* * * LOW HITPOINT WARNING * * *
Really quaff
x - a potion of berserk rage {!q!q}? [Y]es or [N]o only, please.
Really quaff
x - a potion of berserk rage {!q!q}?
A red film seems to cover your vision as you go berserk!
You feel yourself moving faster!
You feel mighty! The crystal guardian hits you.
* * * LOW HITPOINT WARNING * * *
You hit the crystal guardian but do no damage.
The crystal guardian fires a crystalline bolt at you.
The crystal bolt misses you. The fire dragon breathes flames at you.
The blast of flame hits the crystal guardian.
The crystal guardian completely resists.
The blast of flame hits you!! You resist.
You die...

##|...)..## ###...#
#..)......###.....#
#.........#?......#
'...)).(..#...⌠...'
#....)....#.D.....#
#.........###.....#
##.......## #..D#
##.....## ####9#
###'### #..@.#
#...# ###....#
##...## #......#
#.....####......#
##..⌠..##(.....###
#.......#.....)#
.#.......#....###
.#.......'....#
#####'#########


You could see a fire dragon (catching breath) and a crystal guardian.

Vanquished Creatures
  An orc warlord (Bailey)
  An ogre mage (D:11)
  Erica (D:10)
  A centaur warrior (D:11)
  3 two-headed ogres
  2 boulder beetles (D:11)
  A tengu warrior (D:11)
  Pikel (D:5)
  3 manticores (D:11)
  5 elephants
  2 cyclopes (D:11)
  5 kobold demonologists (D:11)
  A komodo dragon (D:10)
  A troll (D:9)
  Sigmund (D:2)
  2 shadows
  8 yaks
  5 wyverns
  2 basilisks (D:11)
  5 vampire mosquitoes
  A warg (D:10)
  3 acid dragons
  Duvessa (D:7)
  A black bear (D:5)
  A sky beast (D:8)
  6 orc warriors
  2 centaurs (D:7)
  2 phantoms
  9 kobold brigands
  7 bullfrogs
  2 scorpions
  A wight (D:8)
  Dowan (D:7)
  27 killer bees
  2 howler monkeys (D:11)
  2 hounds
  9 orc priests
  2 gnoll boudas
  2 jellies
  A sleepcap (D:5)
  Natasha (thrice) (D:2)
  4 iguanas
  8 orc wizards
  19 gnolls
  11 adders
  2 shadow imps
  2 worms (D:2)
  4 dart slugs
  53 orcs
  6 bats
  5 endoplasms
  6 giant cockroaches
  11 hobgoblins
  5 jackals
  45 kobolds
  4 quokkas
  6 ball pythons
  3 frilled lizards
  10 goblins
  4 rats (D:1)
344 creatures vanquished.

Vanquished Creatures (others)
  A human (D:5)
1 creature vanquished.

Grand Total: 345 creatures vanquished

Notes
Turn   | Place    | Note
-------+----------+-------------------------------------------
     0 | D:1      | domi the Vine Stalker Fighter began the quest for the Orb.
     0 | D:1      | Reached XP level 1. HP: 11/11 MP: 2/2
    27 | D:1      | Reached skill level 1 in Stealth
    64 | D:1      | Reached skill level 2 in Short Blades
    92 | D:1      | Reached XP level 2. HP: 16/16 MP: 1/3
   236 | D:1      | Reached skill level 2 in Stealth
   546 | D:1      | Reached XP level 3. HP: 17/19 MP: 4/4
   650 | D:1      | Reached skill level 3 in Stealth
   814 | D:2      | Noticed Natasha
   827 | D:2      | Killed Natasha
   828 | D:2      | Gained mutation: Your natural rate of healing is unusually
                  | fast. [Vine Stalker growth]
   828 | D:2      | Reached XP level 4. HP: 21/23 MP: 5/5
   914 | D:2      | Noticed Natasha
   926 | D:2      | Killed Natasha
   927 | D:2      | Reached skill level 4 in Stealth
  1283 | D:2      | Noticed Sigmund
  1291 | D:2      | Killed Sigmund
  1292 | D:2      | Reached skill level 3 in Short Blades
  1292 | D:2      | Reached skill level 6 in Stealth
  1292 | D:2      | Reached XP level 5. HP: 26/27 MP: 6/6
  1292 | D:2      | Reached XP level 6. HP: 31/32 MP: 7/7
  1452 | D:2      | Noticed Natasha
  1464 | D:2      | Killed Natasha
  1938 | D:3      | Reached skill level 7 in Stealth
  1945 | D:3      | Reached skill level 1 in Spellcasting
  2011 | D:3      | Found the +5 Force Lance {heavy, knockback}
  2049 | D:3      | HP: 3/32 [orc/+0 dagger of electrocution (10)]
  2053 | D:3      | Reached XP level 7. HP: 9/35 MP: 9/9
  2605 | D:3      | Found a faded altar of an unknown god.
  2607 | D:3      | Found a faded altar of an unknown god.
  2607 | D:3      | Found a hazy altar of Hepliaklqana.
  2623 | D:3      | Reached skill level 4 in Short Blades
  2724 | D:4      | Found a runed translucent gate.
  2725 | D:4      | Found a runed translucent gate.
  2726 | D:4      | Found a runed translucent gate.
  3179 | D:4      | Identified the +2 ring mail of Jyucsext {rPois rN++ Str-3
                  | Dex+3}
  3499 | D:4      | Noticed lotum's ghost (amateur NaCj)
  3525 | D:5      | Entered Level 5 of the Dungeon
  3535 | D:5      | Reached skill level 8 in Stealth
  3620 | D:5      | HP: 8/35 [acid (6)]
  3739 | D:5      | Found an ancient bone altar of Kikubaaqudgha.
  3740 | D:5      | Noticed a human
  3742 | D:5      | Killed a human
  3751 | D:5      | Reached skill level 9 in Stealth
  3874 | D:5      | Noticed Pikel
  3968 | D:5      | Found a staircase to the Ecumenical Temple.
  3978 | Temple   | Entered the Ecumenical Temple
  4067 | Temple   | Became a worshipper of the Wu Jian Council
  4142 | D:5      | Gained mutation: You have razor-sharp teeth. [Vine Stalker
                  | growth]
  4142 | D:5      | Reached XP level 8. HP: 39/39 MP: 11/11
  4160 | D:5      | Found a hide-covered altar of Uskayaw.
  4163 | D:5      | Noticed a +0 dagger
  4164 | D:5      | Noticed a +0 dagger
  4338 | D:5      | Reached skill level 10 in Stealth
  4582 | D:5      | Killed Pikel
  4583 | D:5      | Reached skill level 12 in Stealth
  4812 | D:6      | Found a runed translucent door.
  4847 | D:6      | Reached XP level 9. HP: 43/43 MP: 6/12
  4958 | D:6      | Noticed Adrian566's ghost (novice HOFi)
  5020 | D:6      | You fall into a shaft and drop 3 floors!
  5031 | D:9      | Found a snail-covered altar of Cheibriados.
  5095 | D:9      | Reached skill level 13 in Stealth
  5110 | D:9      | Found a flagged portal.
  5127 | Bailey   | Entered a bailey
  5132 | Bailey   | Noticed an orc warlord
  5138 | Bailey   | Reached * piety under Wu Jian
  5198 | Bailey   | Reached skill level 2 in Spellcasting
  5257 | Bailey   | Found a runed translucent gate.
  5259 | Bailey   | Found a runed translucent gate.
  5261 | Bailey   | Found a runed translucent gate.
  5298 | Bailey   | Reached skill level 3 in Fighting
  5461 | Bailey   | HP: 9/44 [orc warlord/+5 battleaxe (18)]
  5486 | Bailey   | Killed an orc warlord
  5487 | Bailey   | Reached skill level 5 in Short Blades
  5487 | Bailey   | Reached skill level 14 in Stealth
  5487 | Bailey   | Reached skill level 3 in Spellcasting
  5522 | Bailey   | Reached skill level 5 in Fighting
  5522 | Bailey   | Reached skill level 6 in Short Blades
  5522 | Bailey   | Reached skill level 16 in Stealth
  5522 | Bailey   | Reached skill level 5 in Spellcasting
  5522 | Bailey   | Reached XP level 10. HP: 53/53 MP: 10/19
  5798 | D:8      | Reached skill level 6 in Spellcasting
  5890 | D:8      | Reached ** piety under Wu Jian
  6146 | D:7      | Reached skill level 6 in Fighting
  6204 | D:6      | Found a basalt altar of Yredelemnul.
  6221 | D:6      | Reached XP level 11. HP: 55/56 MP: 21/21
  6296 | D:6      | Noticed a two-headed ogre
  6311 | D:6      | Killed a two-headed ogre
  6415 | D:6      | Reached skill level 7 in Short Blades
  6495 | D:7      | Found Fosod's Jewellery Boutique.
  6502 | D:7      | Found an iron altar of Okawaru.
  6615 | D:7      | Noticed Dowan
  6616 | D:7      | Noticed Duvessa
  6622 | D:7      | Killed Dowan
  6633 | D:7      | Killed Duvessa
  6725 | D:7      | Found a bloodstained altar of Trog.
  7149 | D:8      | Found a sacrificial altar of Ru.
  7152 | D:8      | Found a burning altar of Makhleb.
  7156 | D:8      | Found a glowing silver altar of Zin.
  7279 | D:8      | Identified the amulet "Naeteimp" {Faith Str+2}
  7280 | D:8      | Reached *** piety under Wu Jian
  7282 | D:8      | Reached skill level 17 in Stealth
  7464 | D:8      | Found a radiant altar of Vehumet.
  8054 | D:9      | Found a sparkling altar of Nemelex Xobeh.
  8097 | D:9      | Learned a level 6 spell: Death Channel
  8522 | D:9      | Reached skill level 3 in Armour
  8652 | D:9      | Reached skill level 4 in Armour
  8707 | D:9      | Found Zoutoc's Antique Weapon Shoppe.
  8791 | D:9      | Reached **** piety under Wu Jian
  9077 | D:10     | Entered Level 10 of the Dungeon
  9079 | D:10     | Found an opulent altar of Gozag.
  9244 | D:10     | Reached skill level 5 in Armour
  9463 | D:10     | Noticed Erica
  9482 | D:10     | Killed Erica
  9483 | D:10     | Reached XP level 12. HP: 59/62 MP: 23/23
  9534 | D:10     | Found a staircase to the Orcish Mines.
  9575 | D:10     | Reached skill level 6 in Armour
  9693 | D:10     | HP: 14/62 [killer bee (4)]
 10243 | D:11     | Noticed a two-headed ogre
 10249 | D:11     | Killed a two-headed ogre
 10250 | D:11     | Reached skill level 7 in Armour
 10266 | D:11     | Found a staircase to the Lair.
 10427 | D:11     | Reached ***** piety under Wu Jian
 10428 | D:11     | Reached skill level 8 in Armour
 10428 | D:11     | Reached skill level 7 in Spellcasting
 10428 | D:11     | Reached skill level 1 in Necromancy
 10507 | D:11     | Noticed a two-headed ogre
 10513 | D:11     | Killed a two-headed ogre
 10523 | D:11     | Noticed a centaur warrior
 10525 | D:11     | Killed a centaur warrior
 10526 | D:11     | Reached skill level 1 in Dodging
 10551 | D:11     | Reached skill level 2 in Necromancy
 10574 | D:11     | Identified the staff of death "Woff" {rN+ Str+2}
 10578 | D:11     | Noticed a tengu warrior
 10579 | D:11     | Noticed an ogre mage
 10584 | D:11     | Killed an ogre mage
 10585 | D:11     | Reached skill level 7 in Fighting
 10606 | D:11     | Killed a tengu warrior
 10607 | D:11     | Reached skill level 2 in Dodging
 10624 | D:11     | Noticed a crystal guardian
 10632 | D:11     | Noticed an ice dragon
 10651 | D:11     | Noticed a fire dragon
 10651 | D:11     | Noticed a boulder beetle
 10651 | D:11     | Noticed a boulder beetle
 10652 | D:11     | Noticed a yaktaur captain
 10655 | D:11     | Killed a boulder beetle
 10656 | D:11     | Reached skill level 3 in Necromancy
 10657 | D:11     | Killed a boulder beetle
 10658 | D:11     | Reached XP level 13. HP: 45/67 MP: 16/25
 10662 | D:11     | HP: 7/67 [yaktaur captain/bolt (20)]
 10917 | D:11     | Reached skill level 18 in Stealth
 10950 | D:11     | HP: 16/67 [crystal guardian (11)]
 10953 | D:11     | Killed from afar by a fire dragon

Illustrated notes

Levels and vault maps discovered:
D:1:      dpeg_arrival_arbitrary_c, layout_loops_ring, minmay_tall_x
D:2:      minmay_alternating_diamond, layout_loops_corners, uniq_natasha,
          uniq_sigmund
D:3:      layout_loops_ring, nicolae_hepliaklqana_ecumenical_no_more
D:4:      layout_cave_pods, gammafunk_ghost_icy
D:5:      corexii_shack_village, layout_basic, dancing_weapons_uskayaw,
          tgw_kikubaaqudgha, minmay_temple_entry_wispy, uniq_pikel
D:6:      layout_rooms, mainiacjoe_overflow_paths,
          hellmonk_ghost_happy_afterlife
D:7:      layout_rooms, mainiacjoe_overflow_cross_hatched, kennysheep_mini_moat,
          serial_shops, shop_fountains, uniq_duvessa
D:8:      layout_basic, fiery_altar_vehumet, grunt_temple_overflow_diamond,
          minivault_5, grunt_ministairs_11, chequers_serial_rivers_room_a,
          minmay_fractal_squares_diagonal_5
D:9:      wad_woods_stonehenge, layout_basic, cheibriados_altar_1,
          lightli_bailey_entry_fortress, serial_shops, shop,
          hellmonk_bongcloud_opening, roderic_lattice_a
D:10:     layout_stronghold, grunt_gozag_statues, erik_orc_4,
          minmay_misc_feat_tiny, minivault_4, uniq_erica
D:11:     layout_long_grid, david_lair_generic, st_stairs_12,
          nicolae_rejected_hall
Temple:   zaba_magenta_temple

Skill      XL: |  1  2  3  4  5  6  7  8  9 10 11 12 13 |
---------------+----------------------------------------+-----
Stealth        | 1 2 3 6 7 9 12 16 17 18 | 18.0
Short Blades   | 2 3 4 6 7 |  7.4
Spellcasting   | 1 5 6 7 |  7.8
Fighting       | 5 6 7 |  7.4
Armour         | 5 8 |  8.0
Necromancy     | 3 |  3.4
Dodging        | 2 |  2.6
Shields        | |  2.6

Action                     |  1- 3 |  4- 6 |  7- 9 | 10-12 | 13-15 || total
---------------------------+-------+-------+-------+-------+-------++-------
  Melee: Rapier            |    78 |     4 |       |       |       ||    82
         Bite              |    18 |    45 |   149 |   309 |     7 ||   528
         Dagger            |       |   177 |   485 |  1015 |    19 ||  1696
  Throw: Dart              |       |       |     2 |       |       ||     2
Ability: Lunge             |       |       |    22 |    51 |     2 ||    75
         Whirlwind         |       |       |    41 |   228 |    10 ||   279
  Evoke: Wand              |       |       |     3 |     4 |     1 ||     8
         Piece from Xom's  |       |       |     3 |       |     1 ||     4
         Phantom mirror    |       |       |       |     1 |       ||     1
    Use: Potion            |       |     1 |     4 |     2 |     7 ||    14
         Scroll            |       |       |     6 |    17 |     1 ||    24
   Stab: Sleeping          |       |     4 |    10 |    44 |       ||    58
         Distracted        |       |     1 |       |     4 |       ||     5
         Confused          |       |       |     1 |       |       ||     1
         Invisible         |       |       |       |     9 |     5 ||    14
 Armour: Scale mail        |    27 |    65 |   151 |   107 |       ||   350
         Acid dragon scale |       |       |       |   228 |     2 ||   230
         Troll leather arm |       |       |       |    20 |       ||    20
  Dodge: Dodged            |    30 |    56 |   146 |   337 |     7 ||   576
  Block: Buckler           |    11 |    30 |    81 |   159 |     1 ||   282

Levels and vault maps discovered:
D:1:      dpeg_arrival_arbitrary_c, layout_loops_ring, minmay_tall_x
D:2:      minmay_alternating_diamond, layout_loops_corners, uniq_natasha,
          uniq_sigmund
D:3:      layout_loops_ring, nicolae_hepliaklqana_ecumenical_no_more
D:4:      layout_cave_pods, gammafunk_ghost_icy
D:5:      corexii_shack_village, layout_basic, dancing_weapons_uskayaw,
          tgw_kikubaaqudgha, minmay_temple_entry_wispy, uniq_pikel
D:6:      layout_rooms, mainiacjoe_overflow_paths,
          hellmonk_ghost_happy_afterlife
D:7:      layout_rooms, mainiacjoe_overflow_cross_hatched, kennysheep_mini_moat,
          serial_shops, shop_fountains, uniq_duvessa
D:8:      layout_basic, fiery_altar_vehumet, grunt_temple_overflow_diamond,
          minivault_5, grunt_ministairs_11, chequers_serial_rivers_room_a,
          minmay_fractal_squares_diagonal_5
D:9:      wad_woods_stonehenge, layout_basic, cheibriados_altar_1,
          lightli_bailey_entry_fortress, serial_shops, shop,
          hellmonk_bongcloud_opening, roderic_lattice_a
D:10:     layout_stronghold, grunt_gozag_statues, erik_orc_4,
          minmay_misc_feat_tiny, minivault_4, uniq_erica
D:11:     layout_long_grid, david_lair_generic, st_stairs_12,
          nicolae_rejected_hall
Temple:   zaba_magenta_temple

Table legend: (Time is in decaauts)
 A = Elapsed time spent in this place.
 B = Non-inter-level travel time spent in this place.
 C = Inter-level travel time spent in this place.
 D = Time resting spent in this place.
 E = Time spent auto-exploring this place.
 F = Levels seen in this place.
 G = Mean time per level.
                   A        B        C        D        E       F      G
               +--------+--------+--------+--------+--------+-----+--------+
         Total |  10666 |  10314 |    352 |    295 |   7446 |  13 |  820.5 |
       Dungeon |  10122 |   9813 |    309 |    256 |   7175 |  11 |  920.2 |
        Temple |    102 |     59 |     43 |      0 |     53 |   1 |  102.0 |
        Bailey |    440 |    440 |      0 |     39 |    218 |   1 |  440.0 |
               +--------+--------+--------+--------+--------+-----+--------+

Top non-repeatable levels by time:
     D:9: 1349 daAuts
     D:8: 1224 daAuts
     D:5: 1086 daAuts
     D:2: 1086 daAuts
    D:10: 1055 daAuts
     D:4: 832 daAuts
     D:1: 822 daAuts
     D:3: 752 daAuts
    D:11: 750 daAuts
     D:7: 619 daAuts
     D:6: 543 daAuts
  Bailey: 440 daAuts
  Temple: 102 daAuts

Table legend:
 A = Kills in this place as a percentage of kills in the entire game.
 B = Kills by you in this place as a percentage of kills by you in the entire game.
 C = Kills by friends in this place as a percentage of kills by friends in the entire game.
 D = Other kills in this place as a percentage of other kills in the entire game.
 E = Experience gained in this place as a percentage of experience gained in the entire game.
 F = Experience gained in this place divided by the number of levels of this place that you have seen.
                   A       B       C       D       E      F
               +-------+-------+-------+-------+-------+----------------------
         Total | 100.0 | 100.0 |   N/A |   N/A | 100.0 | 2269.8
       Dungeon |  94.5 |  94.5 |   N/A |   N/A |  94.5 | 2535.1
        Bailey |   5.5 |   5.5 |   N/A |   N/A |   5.5 | 1621.0
               +-------+-------+-------+-------+-------+----------------------
